 Dungeon Crawl Stone Soup version 0.25.0-1-g7eea58d2a3 (console) character file.

Game seed: 12522236158917726820

216 Garrluk the Firebug (level 5, -7/28 HPs)
             Began as a Deep Elf Fire Elementalist on June 14, 2020.
             Mangled by a centaur (9 damage)
             ... on level 4 of the Dungeon.
             The game lasted 00:11:53 (4206 turns).

Garrluk the Firebug (Deep Elf Fire Elementalist)    Turns: 4206, Time: 00:11:54

Health: -7/28      AC:  7    Str:  5    XL:     5   Next: 61%
Magic:  8/13       EV: 13    Int: 21    God:
Gold:   210        SH:  0    Dex: 15    Spells: 5/13 levels left

rFire    . . .     SeeInvis .   o - +2 spear (vorpal)
rCold    . . .     Gourm    .   (no shield)
rNeg     . . .     Faith    .   a - +0 robe
rPois    .         Spirit   .   s - +0 helmet
rElec    .         Reflect  .   d - +0 cloak
rCorr    .         Harm     .   k - +1 pair of gloves
MR       .....                  w - +0 pair of boots
Stlth    ++........             (no amulet)
HPRegen  0.09/turn              (no ring)
MPRegen  0.13/turn              (no ring)

@: no status effects
A: no striking features
a: no special abilities


You were on level 4 of the Dungeon.
You were not hungry.

You visited 1 branch of the dungeon, and saw 4 of its levels.

You collected 210 gold pieces.

Inventory:

Hand Weapons
 o - a +2 vorpal spear (weapon)
Armour
 a - a +0 robe (worn)
 d - a +0 cloak (worn)
 k - a +1 pair of gloves (worn)
 s - a +0 helmet (worn)
 w - a +0 pair of boots (worn)
Wands
 v - a wand of paralysis (10)
 y - a wand of iceblast (3)
Scrolls
 f - 2 scrolls of teleportation {unknown}
 g - 6 scrolls of remove curse {unknown}
 h - a scroll of enchant weapon {unknown}
 i - a scroll of random uselessness {unknown}
 j - 7 scrolls of identify {unknown}
 p - a scroll of fear {unknown}
 q - 4 scrolls of enchant armour {unknown}
 t - a scroll of amnesia {unknown}
 u - a scroll of blinking {unknown}
Potions
 b - a potion of magic {unknown}
 e - a potion of invisibility {unknown}
 l - a potion of flight {unknown}
 m - 2 potions of curing {unknown}
 n - 4 potions of heal wounds {unknown}
 r - a potion of lignification {unknown}
 x - a potion of berserk rage
 z - a potion of might {unknown}
Comestibles
 c - 8 rations


   Skills:
 - Level 0.2 Fighting
 - Level 2.4 Dodging
 - Level 2.4 Stealth
 + Level 4.5 Spellcasting
 * Level 4.0 Conjurations
 + Level 4.9 Fire Magic


You had 5 spell levels left.
You knew the following spells:

 Your Spells              Type           Power        Failure   Level  Hunger
a - Foxfire               Conj/Fire      ###.         1%          1    None
b - Sticky Flame          Conj/Fire      ###.....     19%         4    ####...
c - Conjure Flame         Conj/Fire      ###.....     5%          3    ##.....

Your spell library contained the following spells:

 Spells                   Type           Power        Failure   Level  Hunger
 Inner Flame              Hex/Fire       ###.....     12%         3    ##.....
 Fireball                 Conj/Fire      ###.......   45%         5    ######.


Dungeon Overview and Level Annotations

Branches:
Dungeon (4/15)
 Temple: D:4-7

Altars:
Elyvilon
Nemelex Xobeh
Xom
Zin


Message History

The centaur is severely wounded.
The centaur unwields a +0 shortbow.
The centaur hits you.
* * * LOW HITPOINT WARNING * * *
Casting: Foxfire (safe; 1% risk of failure)
Confirm with . or Enter, or press ? or * to list all spells.
You conjure some foxfire!
The centaur hits you.
* * * LOW HITPOINT WARNING * * *
You barely miss the centaur.
The centaur is severely wounded.
The foxfire hits the centaur but does no damage.
The centaur is severely wounded.
The foxfire hits the centaur but does no damage.
The centaur is severely wounded.
The centaur hits you but does no damage.
The centaur barely misses you.
Okay, then.
Casting: Foxfire (safe; 1% risk of failure)
Confirm with . or Enter, or press ? or * to list all spells.
You conjure some foxfire!
The centaur hits you!
You die...

#.#'#...##............#.#####....
._.###..##..####.####.#.######...
#.#'#..###..##.(...##...........#
####........#.......#...#########
###....####.#.......#.###
.#....###......._.....#
...#...##.#.#...(...#.#
.##(.#..#.#.#.......#.###
....###.# #.##.....##...
###..#..# #.####.####.## ##...##
#....v@c.(.)# ##.## #.#..##v...##
#># #.#.# #.#### #.# ... #... #.#
... #..## #.# ... ...# #.# ...
##.## #.# #. #.# #.# #.#


You could see a centaur.

Vanquished Creatures
  Crazy Yiuf (D:3)
  A bullfrog skeleton (D:4)
  Ijyb (D:3)
  Robin (D:3)
  2 adders
  An ooze (D:3)
  2 worms (D:2)
  A dart slug (D:3)
  3 leopard geckos
  7 orcs
  14 bats
  5 giant cockroaches
  13 goblins
  6 hobgoblins
  3 jackals (D:2)
  A quokka (D:3)
  A ball python (D:3)
  7 frilled lizards
  10 kobolds
  6 rats
  2 butterflies (D:3)
88 creatures vanquished.

Vanquished Creatures (others)
  169 foxfires
169 creatures vanquished.

Grand Total: 257 creatures vanquished

Notes
Turn   | Place    | Note
-------+----------+-------------------------------------------
     0 | D:1      | Garrluk the Deep Elf Fire Elementalist began the quest for
                  | the Orb.
     0 | D:1      | Reached XP level 1. HP: 10/10 MP: 6/6
    85 | D:1      | Reached XP level 2. HP: 15/15 MP: 2/8
   991 | D:2      | Reached XP level 3. HP: 17/19 MP: 5/9
  1157 | D:2      | Learned a level 3 spell: Conjure Flame
  2100 | D:3      | Reached XP level 4. HP: 24/24 MP: 11/11
  2107 | D:3      | Learned a level 4 spell: Sticky Flame
  2136 | D:3      | Noticed Robin
  2160 | D:3      | Killed Robin
  2400 | D:3      | Noticed Ijyb
  2814 | D:4      | Noticed a two-headed ogre
  2897 | D:3      | Found a shimmering altar of Xom.
  2939 | D:3      | Reached XP level 5. HP: 19/28 MP: 11/13
  3504 | D:3      | Killed Ijyb
  3766 | D:3      | Found a runed translucent door.
  3767 | D:3      | Noticed Crazy Yiuf
  3779 | D:3      | Killed Crazy Yiuf
  3885 | D:3      | Found a glowing silver altar of Zin.
  4134 | D:4      | Found a sparkling altar of Nemelex Xobeh.
  4147 | D:4      | Found a white marble altar of Elyvilon.
  4154 | D:4      | Noticed a centaur
  4206 | D:4      | Mangled by a centaur

Illustrated notes

Levels and vault maps discovered:
D:1:      eino_arrival_tree_alley, layout_basic
D:2:      layout_loops_cross, minmay_circle_x
D:3:      layout_loops_cross, zin_statuary, xom_butterflies, uniq_ijyb,
          uniq_robin, uniq_crazy_yiuf_cottage
D:4:      layout_loops_ring, old_standard_altar, minmay_temple_entry_waves,
          first_ration, nemelex_diamond_rough_becter

Skill      XL: |  1  2  3  4  5 |
---------------+----------------+-----
Fire Magic     | 4 |  4.9
Conjurations   | 2 3 4 |  4.0
Spellcasting   | 4 |  4.5
Fighting       | |  0.2
Dodging        | |  2.4
Stealth        | |  2.4

Action                   |  1- 3 |  4- 6 || total
-------------------------+-------+-------++-------
Melee: Dagger            |    34 |       ||    34
       Unarmed           |     1 |       ||     1
       Spear             |     9 |    57 ||    66
 Cast: Foxfire           |    61 |    54 ||   115
       Conjure Flame     |     1 |     5 ||     6
       Sticky Flame      |       |     1 ||     1
 Stab: Sleeping          |     3 |     3 ||     6
  Eat: Chunk             |     4 |     6 ||    10
       Ration            |       |     1 ||     1
Armor: Robe              |    25 |    24 ||    49
Dodge: Dodged            |    65 |    41 ||   106
